 Dungeon Crawl Stone Soup version 0.28-a0-384-g9e0c098162 (webtiles) character file.

Game seed: 6635204782773507448

10682 freelancePsychic the Fighter (level 11, -1/148 HPs)
             Began as a Formicid Hunter on Sept 3, 2021.
             Was a High Priest of Okawaru.
             Slain by a cane toad (5 damage)
             ... on level 2 of the Lair of Beasts.
             The game lasted 00:25:16 (12944 turns).

freelancePsychic the Fighter (Formicid Hunter)     Turns: 12944, Time: 00:25:17

Health: -1/148     AC: 29    Str: 22    XL:     11   Next: 97%
Magic:  13/14      EV:  2    Int: 11    God:    Okawaru [*****.]
Gold:   485        SH:  0    Dex: 11    Spells: 10/10 levels left

rFire   . . .      SeeInvis .   b - +4 flail
rCold   . . .      Faith    .   (no shield)
rNeg    + + +      Spirit   .   (armour currently unavailable)
rPois   +          Reflect  .   (helmet unavailable)
rElec   .          Harm     .   (cloak currently unavailable)
rCorr   .          Rampage  .   (gloves currently unavailable)
Will    ++...                   (boots currently unavailable)
Stlth   +++.......              (no amulet)
HPRegen 0.34/turn               n - ring of positive energy
MPRegen 0.14/turn               p - +4 ring of protection

@: lethally poisoned (-1 -> -9), tree-form, heroic
A: stationary, stasis, torment immunity, boosted hp, permanent stasis, dig
shafts and tunnels, (antennae 3), four strong arms, (iridescent scales 1),
strong-willed 1, strong 1
a: Renounce Religion, Heroism, Finesse, Duel


You were on level 2 of the Lair of Beasts.
You worshipped Okawaru.
Okawaru was extremely pleased with you.
You were a tree.
You visited 3 branches of the dungeon, and saw 16 of its levels.

You collected 1449 gold pieces.
You spent 964 gold pieces at shops.

Inventory:

Hand Weapons
 a - a +1 hunting sling
 b - a +4 flail (weapon)
 i - a +0 great mace
 C - a +0 short sword
Missiles
 h - 148 bolts
 k - 38 sling bullets
 o - 244 stones
Armour
 t - a +0 plate armour (melded)
 v - a +2 pair of boots (melded)
 w - the +2 cloak "Hepremor" (melded) {rN+}
   (You bought it in a shop on level 4 of the Dungeon)

   rN:        It protects you from negative energy.
 z - the +2 pair of gloves "Pelowe" {rN+ Str-2 Int-3 Dex+3}
   (You bought it in a shop on level 4 of the Dungeon)

   Str:       It affects your strength (-2).
   Int:       It affects your intelligence (-3).
   Dex:       It affects your dexterity (+3).
   rN:        It protects you from negative energy.
Jewellery
 c - a +6 ring of dexterity
 d - a ring of ice
 l - a ring of wizardry
 n - a ring of positive energy (left branch)
 p - a +4 ring of protection (right branch)
 B - a +6 ring of dexterity
Wands
 m - a wand of mindburst (37)
 A - a wand of paralysis (10)
Scrolls
 f - 3 scrolls of identify {@r1}
 g - a scroll of immolation
 y - a scroll of enchant weapon
 D - a scroll of fog
Potions
 e - 2 potions of brilliance
 j - a potion of flight
 q - 3 potions of lignification
 r - 3 potions of cancellation
 s - 2 potions of curing {@q1}
 u - a potion of berserk rage
 x - a potion of might


   Skills:
 + Level 13.7(18.7) Fighting
 - Level 2.1(7.1) Maces & Flails
 - Level 5.0(10.0) Slings
 - Level 7.0(12.0) Crossbows
 + Level 9.9(14.9) Armour
 - Level 1.7(6.7) Dodging
 - Level 1.2(6.2) Stealth
 - Level 4.7 Invocations


You had 10 spell levels left.
You didn't know any spells.
Your spell library contained the following spells:

 Spells                   Type           Power      Damage    Failure   Level
 Olgreb's Toxic Radiance  Pois           0%         N/A       98%         4
 Borgnjor's Vile Clutch   Necr/Erth      0%         N/A       100%        5
 Conjure Ball Lightning   Conj/Air       0%         3x3d6     100%        6
 Ozocubu's Refrigeration  Ice            0%         4d5       100%        7
 Borgnjor's Revivificati  Necr           0%         N/A       100%        8
 Discord                  Hex            0%         N/A       100%        8
 Disjunction              Tloc           0%         N/A       100%        8
 Ignition                 Fire           0%         3d3       100%        8
 Necromutation            Tmut/Necr      0%         N/A       100%        8
 Death's Door             Necr           0%         N/A       100%        9
 Animate Dead             Necr           Unusable   N/A       N/A         4
 Death Channel            Necr           Unusable   N/A       N/A         6
 Malign Gateway           Summ/Tloc      Unusable   N/A       N/A         7
 Summon Horrible Things   Summ           Unusable   N/A       N/A         8

Dungeon Overview and Level Annotations

Branches:
Dungeon (13/15)            Temple (1/1) D:7            Lair (3/6) D:9
  Swamp: Lair:2-4    Shoals: Lair:2-4     Snake: Lair:2-4    Spider: Lair:2-4
    Orc: D:9-12      Vaults: D:13-14

Altars:
Ashenzari
Cheibriados
Dithmenos
Elyvilon
Fedhas
Gozag
Kikubaaqudgha
Nemelex Xobeh
Okawaru
Qazlal
Ru
Trog
Uskayaw
Vehumet
Wu Jian
Xom
Yredelemnul
Zin
The Shining One

Shops:
D:3 *[[[   D:4 [

Annotations:
D:7 Duvessa
Lair:2 1 runed translucent door, Helmschank's ghost, novice TrMo
Lair:3 exclusion: oklob plant


Innate Abilities, Weirdness & Mutations

You are a tree.
Your roots penetrate the ground, keeping you stationary.
You cannot be teleported.
You are immune to unholy pain and torment.
Your maximum health is greatly increased.
Your equipment is partially melded.
You cannot be hasted, slowed, berserked, paralysed or teleported.
You can dig through walls and to a lower floor.
((You have a pair of large antennae on your head. (SInv)))
Your four strong arms can wield two-handed weapons with a shield.
((You are partially covered in iridescent scales. (AC +2)))
You are strong-willed. (Will+)
Your muscles are strong. (Str +2)


Message History

* * * LOW HITPOINT WARNING * * *
The cane toad stings you but does no damage.
You feel better.
You are no longer corroded.
The cane toad barely misses you.
You barely miss the cane toad.
The cane toad is severely wounded.
The cane toad stings you.
* * * LOW HITPOINT WARNING * * *
You are lethally poisoned!
The cane toad poisons you!
Really quaff the potion of lignification? [Y]es or [N]o only, please.
Really quaff the potion of lignification?
You turn into a tree.
The +2 cloak "Hepremor" {rN+} melds into your body.
Your +2 pair of boots melds into your body.
Your +0 plate armour melds into your body.
Your roots penetrate the ground.
* * * LOW HITPOINT WARNING * * *
You feel very sick.
The cane toad stings you but does no damage.
You hit the cane toad.
The cane toad is severely wounded.
* * * LOW HITPOINT WARNING * * *
You feel very sick.
The cane toad stings you but does no damage.
You completely miss the cane toad.
The cane toad is severely wounded.
You feel very sick. The cane toad stings you!
* * * LOW HITPOINT WARNING * * *
The cane toad stings you but does no damage.
Okay, then.
You hit the cane toad but do no damage.
The cane toad is severely wounded.
* * * LOW HITPOINT WARNING * * *
You feel very sick. The cane toad stings you.
You die...

..................#.:#.....######
#.#.......)........#........## #.
#####..........##P.#.........####
## #P.P.##....####............##
.# ########..####...##...##...##
### #P..##...##..⌠.###...# ..#
#####.###..####...###.... ..#
#.#....#...# #.....###...
..#######.......♣F⌠###..<..# #⌠.>
..##......###.##....#......# #...
..'..)#P..#{####....##....####...
...#.###..+{.# ##...###.⌠.###....
#######P..#.### ##...#....##....#
#...###.# #.#...........### #
#####..## #.##.........## #
####### #..P# ####........#.###
...##.# ##..###### ####...####.#.


You could see a cane toad.

Vanquished Creatures
  Fannar (D:11)
  A hydra (Lair:2)
  A centaur warrior (D:10)
  A manticore (D:11)
  A black mamba (Lair:1)
  Joseph (D:7)
  Maggie (Lair:1)
  7 cane toads
  A komodo dragon (Lair:2)
  A polar bear (Lair:2)
  14 yaks
  3 wargs
  A steam dragon (D:7)
  An acid dragon (D:10)
  2 water moccasins (Lair:2)
  A black bear (D:6)
  A necrophage (D:6)
  4 wolves (Lair:2)
  A centaur (D:9)
  A kobold brigand (D:5)
  2 bullfrogs (Lair:2)
  A wyvern zombie (D:5)
  A scorpion (D:7)
  A water moccasin zombie (D:5)
  A wyvern skeleton (D:7)
  Dowan (D:7)
  5 wights (D:7)
  A howler monkey (D:10)
  4 orc priests
  2 jellies
  A hound (D:3)
  A centaur skeleton (D:5)
  2 bullfrog skeletons
  3 iguanas
  An orc wizard (D:9)
  A killer bee zombie (D:6)
  A howler monkey zombie (D:6)
  5 adders
  3 gnolls (D:2)
  A howler monkey skeleton (D:3)
  A white imp (D:6)
  An ufetubus (D:5)
  2 worms
  2 dart slugs
  20 orcs
  3 ball pythons
  5 bats
  6 endoplasms
  2 giant cockroaches (D:4)
  6 goblins
  5 hobgoblins
  3 jackals (D:1)
  3 quokkas
  A frilled lizard (D:3)
  10 kobolds
  5 rats
  A butterfly (Lair:2)
159 creatures vanquished.

Vanquished Creatures (others)
  An unseen horror (D:13)
  4 fungi (Lair:2)
  A plant (Lair:2)
6 creatures vanquished.

Grand Total: 165 creatures vanquished

Notes
Turn   | Place    | Note
-------+----------+-------------------------------------------
     0 | D:1      | freelancePsychic the Formicid Hunter began the quest for
                  | the Orb.
     0 | D:1      | Reached XP level 1. HP: 16/16 MP: 1/1
   243 | D:1      | Reached XP level 2. HP: 23/23 MP: 2/2
   721 | D:1      | Reached skill level 3 in Fighting
   721 | D:1      | Reached XP level 3. HP: 29/29 MP: 3/3
  1350 | D:2      | Reached skill level 5 in Slings
  1399 | D:2      | Reached skill level 1 in Armour
  1402 | D:2      | Reached XP level 4. HP: 35/35 MP: 4/4
  1439 | D:3      | Found Xael's General Store.
  1464 | D:3      | Found Quduh's Armour Shoppe.
  1658 | D:3      | Reached skill level 4 in Fighting
  1658 | D:3      | Reached XP level 5. HP: 42/42 MP: 5/5
  1698 | D:3      | Found Orroof's Antique Armour Emporium.
  1833 | D:3      | Found Kipuggim's Antique Armour Shop.
  2267 | D:4      | Found Fuitwuarph's Antique Armour Shop.
  2338 | D:4      | Reached XP level 6. HP: 32/49 MP: 6/6
  3258 | D:4      | Reached skill level 5 in Fighting
  3583 | D:5      | Entered Level 5 of the Dungeon
  3901 | D:5      | Reached XP level 7. HP: 33/57 MP: 7/7
  4267 | D:5      | Reached skill level 6 in Fighting
  4267 | D:5      | Reached skill level 5 in Armour
  4782 | D:6      | Identified a scroll of acquirement
  4782 | D:6      | Acquired 838 gold pieces
  4962 | D:3      | Bought a crude cloak for 180 gold pieces
  4962 | D:3      | Identified the +2 cloak "Vuweh" {Rampage rPois rF- Int-3}
                  | (You bought it in a shop on level 3 of the Dungeon)
  5002 | D:4      | Bought an ichor-stained cloak for 266 gold pieces
  5002 | D:4      | Identified the +2 cloak "Hepremor" {rN+} (You bought it in
                  | a shop on level 4 of the Dungeon)
  5002 | D:4      | Bought a pair of transparent gloves for 266 gold pieces
  5002 | D:4      | Identified the +2 pair of gloves "Pelowe" {rN+ Str-2 Int-3
                  | Dex+3} (You bought it in a shop on level 4 of the Dungeon)
  5009 | D:4      | Bought a jewelled ring mail for 252 gold pieces
  5009 | D:4      | Identified the +3 ring mail "Suwyfitu" {Str+6 Dex+4} (You
                  | bought it in a shop on level 4 of the Dungeon)
  5153 | D:6      | Reached XP level 8. HP: 56/65 MP: 8/8
  5234 | D:6      | Reached skill level 7 in Fighting
  5335 | D:6      | Found a white marble altar of Elyvilon.
  5667 | D:6      | Found a basalt altar of Yredelemnul.
  5784 | D:7      | Found a staircase to the Ecumenical Temple.
  5793 | Temple   | Entered the Ecumenical Temple
  5833 | Temple   | Became a worshipper of Warmaster Okawaru
  5942 | D:7      | Noticed Joseph
  5971 | D:7      | Killed Joseph
  5972 | D:7      | Reached skill level 8 in Fighting
  6140 | D:7      | Reached * piety under Okawaru
  6248 | D:7      | Reached XP level 9. HP: 75/75 MP: 11/11
  6268 | D:7      | Reached skill level 9 in Fighting
  6271 | D:7      | Reached skill level 1 in Maces & Flails
  6443 | D:7      | Found a hide-covered altar of Uskayaw.
  6451 | D:7      | Noticed Duvessa
  6451 | D:7      | Noticed Dowan
  6462 | D:7      | Killed Dowan
  6464 | D:7      | Gained mutation: You are strong-willed. (Will+) [potion of
                  | mutation]
  6464 | D:7      | Gained mutation: You are partially covered in iridescent
                  | scales. (AC +2) [potion of mutation]
  6464 | D:7      | Gained mutation: Your muscles are strong. (Str +2) [potion
                  | of mutation]
  6471 | D:7      | You fall into a shaft and drop 3 floors!
  6471 | D:10     | Entered Level 10 of the Dungeon
  6474 | D:10     | Reached skill level 1 in Crossbows
  6835 | D:10     | Reached ** piety under Okawaru
  7033 | D:10     | Found a sparkling altar of Nemelex Xobeh.
  7391 | D:9      | Noticed a tengu warrior
  7391 | D:9      | Noticed a tengu conjurer
  7433 | D:10     | Noticed a centaur warrior
  7448 | D:10     | Killed a centaur warrior
  7449 | D:10     | Reached skill level 10 in Fighting
  7503 | D:10     | Noticed a seven-headed hydra
  7580 | D:11     | Reached XP level 10. HP: 67/86 MP: 10/12
  7587 | D:11     | Reached *** piety under Okawaru
  7596 | D:11     | Reached skill level 5 in Crossbows
  7610 | D:11     | Reached skill level 11 in Fighting
  7879 | D:11     | Noticed Fannar
  7934 | D:11     | Killed Fannar
  7934 | D:11     | Received a gift from Okawaru
  8104 | D:11     | Noticed a kobold demonologist
  8294 | D:11     | Noticed a manticore
  8302 | D:11     | Killed a manticore
  8302 | D:11     | Received a gift from Okawaru
  8326 | D:11     | Noticed an ice devil
  8333 | D:11     | Noticed a kobold demonologist
  8355 | D:11     | You fall into a shaft and drop 2 floors!
  8355 | D:13     | Noticed an unseen horror
  8355 | D:13     | Noticed a four-headed hydra
  8358 | D:13     | Noticed a cyclops
  8369 | D:13     | Noticed a centaur warrior
  8374 | D:13     | Killed an unseen horror
  8377 | D:13     | Noticed a centaur warrior
  8509 | D:11     | Noticed a two-headed ogre
  8521 | D:10     | Noticed a rust devil
  8524 | D:10     | Noticed an ice devil
  8525 | D:10     | Noticed a soul eater
  8525 | D:10     | Noticed a smoke demon
  8796 | D:9      | Found a staircase to the Lair.
  8857 | D:9      | Reached skill level 12 in Fighting
  8956 | Lair:1   | Entered Level 1 of the Lair of Beasts
  8956 | Lair:1   | Noticed a cane toad
  8964 | Lair:1   | Killed a cane toad
  8964 | Lair:1   | Reached **** piety under Okawaru
  9219 | Lair:1   | Noticed a cane toad
  9225 | Lair:1   | Noticed Maggie
  9233 | Lair:1   | Killed a cane toad
  9246 | Lair:1   | Killed Maggie
  9247 | Lair:1   | Reached XP level 11. HP: 56/95 MP: 12/14
 10173 | Lair:1   | Reached ***** piety under Okawaru
 10660 | Lair:1   | Received a gift from Okawaru
 10964 | Lair:2   | Reached skill level 13 in Fighting
 11097 | Lair:2   | Noticed a five-headed hydra
 11227 | Lair:2   | Killed a five-headed hydra
 11363 | Lair:2   | Received a gift from Okawaru
 12219 | Lair:2   | Received a gift from Okawaru
 12622 | Lair:2   | Found a runed translucent door.
 12622 | Lair:2   | Found a shimmering altar of Xom.
 12622 | Lair:2   | Noticed Helmschank's ghost (novice TrMo)
 12622 | Lair:2   | Identified the +4 broad axe of Reapportionment {chaos,
                  | *Noise Will+ Str+2 Int+7}
 12622 | Lair:2   | Noticed a +4 broad axe of Reapportionment {chaos, *Noise
                  | Will+ Str+2 Int+7}
 12921 | Lair:3   | Noticed an oklob plant
 12922 | Lair:3   | Noticed a death yak
 12925 | Lair:3   | Noticed a death yak
 12943 | Lair:2   | HP: 6/148 [cane toad (9)]
 12944 | Lair:2   | Slain by a cane toad

Illustrated notes

Levels and vault maps discovered:
D:1:      lightli_arrival_statue_moat, layout_loops_corners, minmay_unequal
D:2:      layout_basic, st_stairs_7
D:3:      layout_loops_ring, serial_shops, nicolae_shop_waterfront, shop_statue,
          nicolae_square_shop, nicolae_shop_stone
D:4:      layout_gridville, serial_shops, shop, minmay_cut_off
D:5:      layout_basic
D:6:      layout_basic, kennysheep_ying_yang
D:7:      layout_gridville, nicolae_uskayaw_murder_on_the_dancefloor,
          minmay_temple_entry_ruins, uniq_duvessa, uniq_joseph
D:9:      layout_cave_pods, erik_lair_orcish_takeover,
          ploomutoo_gammafunk_ghost_potion_laboratory, kennysheep_generic_room_5
D:10:     layout_gridville, mainiacjoe_overflow_tiny_flanked, kb_rosetta
D:11:     layout_rooms, serial_aquarium, aquarium_bridge_long_joined
          [aquarium_subvault_bridge, aquarium_subvault_bridge,
          aquarium_subvault_bridge, aquarium_subvault_window,
          aquarium_subvault_window, aquarium_subvault_wall], aquarium_window_2,
          aquarium_window_2, aquarium_view_2c, aquarium_view_2c,
          aquarium_balcony_double_4, uniq_fannar, uniq_nergalle, uniq_josephine
D:12:     layout_stronghold, orc_0_dummy, gammafunk_ghost_wrathful_warriors,
          serial_shops, shop_statue
D:13:     layout_cave_pools
Temple:   regret_index_temple_waves
Lair:1:   layout_cave_pods, uniq_maggie
Lair:2:   layout_roguey, ebering_ghost_xom, small_statue_intersection,
          serial_bayou_shore_b, lemuel_fruit_fields, grunt_megastairs_5
Lair:3:   layout_cave_shapes, elwin_shoals_entry_stream,
          eino_small_chamber_without_monster

Skill      XL: |  1  2  3  4  5  6  7  8  9 10 11 |
---------------+----------------------------------+-----
Fighting       | 3 4 5 6 8 10 12 13 | 13.7
Slings         | 5 |  5.0
Armour         | 1 2 3 4 5 6 7 9 |  9.9
Invocations    | 3 4 |  4.7
Maces & Flails | 2 |  2.1
Crossbows      | 4 7 |  7.0
Dodging        | |  1.7
Stealth        | |  1.2

Action                   |  1- 3 |  4- 6 |  7- 9 | 10-12 || total
-------------------------+-------+-------+-------+-------++-------
Melee: Flail             |       |       |       |   223 ||   223
 Fire: Hunting sling     |    67 |   235 |   244 |   197 ||   743
Invok: Heroism           |       |       |     3 |    14 ||    17
 Abil: Dig               |       |     1 |     1 |     7 ||     9
       Shaft Self        |       |       |     1 |     1 ||     2
  Use: Scroll            |     4 |     6 |     7 |     2 ||    19
       Potion            |       |     1 |     6 |     5 ||    12
Armor: Scale mail        |     8 |    12 |       |       ||    20
       Leather armour    |     1 |       |       |       ||     1
       Plate armour      |       |    59 |   117 |   290 ||   466
       Skin              |       |       |     8 |    19 ||    27
Dodge: Dodged            |     7 |    42 |    32 |   125 ||   206

Table legend: (Time is in decaauts)
 A = Elapsed time spent in this place.
 B = Non-inter-level travel time spent in this place.
 C = Inter-level travel time spent in this place.
 D = Time resting spent in this place.
 E = Time spent auto-exploring this place.
 F = Levels seen in this place.
 G = Mean time per level.
                   A        B        C        D        E       F      G
               +--------+--------+--------+--------+--------+-----+--------+
         Total |  12928 |  12297 |    631 |   1746 |   8466 |  16 |  808.0 |
       Dungeon |   8757 |   8194 |    563 |   1032 |   5615 |  12 |  729.8 |
        Temple |    136 |    118 |     18 |      0 |    101 |   1 |  136.0 |
          Lair |   4034 |   3985 |     49 |    714 |   2750 |   3 | 1344.7 |
               +--------+--------+--------+--------+--------+-----+--------+

Top non-repeatable levels by time:
  Lair:2: 2055 daAuts
  Lair:1: 1974 daAuts
     D:4: 1526 daAuts
     D:5: 1078 daAuts
    D:10: 1077 daAuts
     D:1: 970 daAuts
     D:6: 965 daAuts
    D:11: 799 daAuts
     D:3: 701 daAuts
     D:7: 607 daAuts
     D:2: 464 daAuts
     D:9: 427 daAuts
  Temple: 136 daAuts
    D:12: 115 daAuts
    D:13: 22 daAuts
